 Dungeon Crawl Stone Soup version 0.25-a0-707-g603da076d2 (webtiles) character file.

Game seed: 5652478063044418591, levelgen mode: deterministic

80 MisterFreud the Skirmisher (level 4, -15/22 HPs)
             Began as a Felid Skald on Apr 4, 2020.
             Was a Believer of Uskayaw.
             Blown up by Ijyb (25 damage)
             ... with a disintegration bolt
             ... on level 3 of the Dungeon.
             The game lasted 00:15:04 (3919 turns).

MisterFreud the Skirmisher (Felid Skald)            Turns: 3919, Time: 00:15:04

Health: -15/22     AC:  1    Str:  7    XL:     4   Next: 18%
Magic:  1/8        EV: 19    Int: 15    God:    Uskayaw [**....]
Gold:   53         SH:  0    Dex: 15    Spells: 1/7 levels left
                                        Lives:  0   Deaths: 1

rFire    . . .     SeeInvis +     - Unarmed
rCold    . . .     Gourm    .   (shield unavailable)
rNeg     . . .     Faith    .   (armour unavailable)
rPois    .         Spirit   .   (helmet unavailable)
rElec    .         Reflect  .   (cloak unavailable)
rCorr    .         Harm     .   (gloves unavailable)
MR       .....                  (boots unavailable)
Stlth    ++........             (no amulet)
HPRegen  0.07/turn              (no ring)
MPRegen  0.11/turn              (no ring)

@: infused (expiring), quick
A: very small, no armour, no weapons or thrown items, stealth, claws 1, fangs 3,
see invisible, carnivore, speed 1, shaggy fur 1, slow metabolism 1, sharp paws
a: Stomp, Line Pass, Renounce Religion


You were on level 3 of the Dungeon.
You worshipped Uskayaw.
Uskayaw was noncommittal.
You were full.

You visited 1 branch of the dungeon, and saw 4 of its levels.

You collected 53 gold pieces.

Inventory:

Scrolls
 c - 2 scrolls of remove curse
 e - a scroll of magic mapping {unknown}
 f - a scroll of immolation {unknown}
 h - a scroll of enchant weapon {unknown}
 k - a scroll of blinking {unknown}
Potions
 a - 3 potions of brilliance
 d - a potion of curing
 g - 2 potions of heal wounds
 j - a potion of lignification
 m - a potion of haste
Comestibles
 b - 6 rations


   Skills:
 - Level 4.1 Fighting
 + Level 4.1 Dodging
 + Level 2.2 Stealth
 + Level 2.6 Unarmed Combat
 - Level 2.0 Spellcasting
 - Level 3.6 Charms


You had one spell level left.
You knew the following spells:

 Your Spells              Type           Power        Failure   Level  Hunger
a - Infusion              Chrm           ##..         4%          1    #......
b - Shroud of Golubria    Chrm/Tloc      #.....       16%         2    ###....
c - Ozocubu's Armour      Chrm/Ice       #.......     32%         3    ###....

Your spell library contained the following spells:

 Spells                   Type           Power        Failure   Level  Hunger
 Foxfire                  Conj/Fire      #...         22%         1    #......
 Song of Slaying          Chrm           ##......     8%          2    ###....
 Cause Fear               Hex            #.........   91%         4    #####..
 Dragon Form              Tmut           #.........   100%        7    #######
 Dragon's Call            Summ           #.........   100%        9    #######
 Spectral Weapon          Hex/Chrm       Unusable     N/A         3    N/A

Dungeon Overview and Level Annotations

Branches:
Dungeon (4/15)
 Temple: D:4-7

Altars:
Elyvilon
Kikubaaqudgha
Makhleb
Ru
Uskayaw
Zin

Shops:
D:3 *

Annotations:
D:3 2 transporters, Ijyb, Jessica
D:4 Eustachio


Innate Abilities, Weirdness & Mutations

You cannot wear armour.
You are incapable of wielding weapons or throwing items.
Your paws allow you to move quietly. (Stealth)
You have sharp claws.
You have razor-sharp teeth.
You have supernaturally acute eyesight. (SInv)
You are carnivorous and can eat meat at any time.
You cover ground quickly.
You are covered in fur. (AC +1)
You have a slow metabolism.
Your sharp claws are effective at attacking unaware monsters.


Message History

The giant cockroach is severely wounded.
Your shroud bends the giant cockroach's attack away.
The goblin shoots a stone.
The stone misses you.
Ijyb screams, "Level is mine!
All mine!"
You scratch the giant cockroach.
You kill the giant cockroach!
You scratch Ijyb. You bite Ijyb.
Ijyb is lightly wounded.
Your shroud unravels.
Ijyb completely misses you.
You can now pass through a line of other dancers.
You closely miss Ijyb. Your bite misses Ijyb.
Ijyb is lightly wounded.
Ijyb hits you with a +0 dagger.
You scratch Ijyb.
Ijyb is lightly wounded.
Your magical infusion is running out.
Ijyb zaps a wand.
You are blasted!
Ouch! That really hurt!
You die...

####..............r≈≈≈..(.<).
#..........#...g≈≈≈...####
#..........#..≈≈≈≈≈...####
#..........#..≈≈≈≈≈.......
#..........#..≈≈≈≈....###.
##..###### ###≈≈≈≈##### ##
##.# .≈≈≈≈≈ #..
#.########.≈≈≈≈≈ #...
####..#..g@...≈≈≈g# #.#.
#.......#####≈≈≈≈≈ #.##
#.###.#######≈≈≈r≈ .
...#...†...88≈≈≈ 8
.........s.......
#####............
#.......88≈≈≈ #.....g...≈≈≈
#.......#≈≈≈≈


You could see Ijyb, a goblin and a rat.

Vanquished Creatures
  7 adders
  An ooze (D:3)
  2 worms
  3 dart slugs (D:2)
  6 orcs (D:3)
  3 giant cockroaches
  8 goblins
  8 hobgoblins
  3 jackals (D:2)
  10 kobolds
  5 bats
  A frilled lizard (D:1)
  4 rats
61 creatures vanquished.

Vanquished Creatures (others)
  A fungus (D:1)
1 creature vanquished.

Grand Total: 62 creatures vanquished

Notes
Turn   | Place    | Note
-------+----------+-------------------------------------------
     0 | D:1      | MisterFreud the Felid Skald began the quest for the Orb.
     0 | D:1      | Reached XP level 1. HP: 9/9 MP: 4/4
   313 | D:1      | Reached XP level 2. HP: 7/13 MP: 1/6
   338 | D:1      | Learned a level 2 spell: Shroud of Golubria
  1722 | D:2      | Reached XP level 3. HP: 17/17 MP: 5/7
  1730 | D:2      | Found a sacrificial altar of Ru.
  1737 | D:2      | You fall into a shaft and drop 2 floors!
  1745 | D:4      | Noticed Eustachio
  1746 | D:4      | Noticed a bullfrog
  1993 | D:4      | Noticed an ogre
  2527 | D:3      | Found a transporter.
  2527 | D:3      | Found a transporter.
  2594 | D:2      | Learned a level 3 spell: Ozocubu's Armour
  2674 | D:2      | Reached XP level 4. HP: 18/22 MP: 8/8
  2781 | D:2      | Reached skill level 1 in Stealth
  2923 | D:2      | Found an ancient bone altar of Kikubaaqudgha.
  2928 | D:2      | Found a burning altar of Makhleb.
  2970 | D:2      | Found a white marble altar of Elyvilon.
  3029 | D:2      | Found a hide-covered altar of Uskayaw.
  3033 | D:2      | Became a worshipper of Uskayaw the Reveler
  3144 | D:2      | Found a faded altar of an unknown god.
  3174 | D:3      | Found Zin's Purification Station.
  3174 | D:3      | Found a glowing silver altar of Zin.
  3186 | D:3      | Reached * piety under Uskayaw
  3763 | D:3      | Noticed Jessica
  3773 | D:3      | Reached ** piety under Uskayaw
  3791 | D:3      | Killed from afar by Jessica
  3792 | D:3      | Reached XP level 3. HP: 0/18 MP: 0/7
  3813 | D:3      | Reached XP level 4. HP: 22/22 MP: 1/8
  3895 | D:3      | Noticed Ijyb
  3919 | D:3      | Blown up by Ijyb

Levels and vault maps discovered:
D:1:      tarquinn_simple_flora_water_d, layout_basic
D:2:      layout_loops_ring, lemuel_doored_altar,
          grunt_temple_overflow_cloverleaf, chequers_ecumenical_altar_grove,
          first_ration
D:3:      wander_river, layout_rooms, zin_purify, gammafunk_ghost_gnarly_gnolls,
          uniq_ijyb, uniq_jessica
D:4:      layout_loops_ring, okawaru_trees_1, lemuel_round_altar,
          grunt_ministairs_11, uniq_eustachio, uniq_robin, uniq_duvessa

Skill      XL: |  1  2  3  4 |
---------------+-------------+-----
Fighting       | 3 4 |  4.1
Stealth        | 2 |  2.2
Dodging        | 4 |  4.1
Unarmed Combat | |  2.6
Spellcasting   | |  2.0
Charms         | |  3.6

Action                   |  1- 3 |  4- 6 || total
-------------------------+-------+-------++-------
Melee: Unarmed           |   102 |    97 ||   199
       Bite              |     5 |    10 ||    15
       Punch             |     1 |     1 ||     2
 Cast: Infusion          |    19 |     9 ||    28
       Shroud of Golubri |    13 |    11 ||    24
  Use: Scroll            |     5 |     2 ||     7
 Stab: Sleeping          |     3 |     1 ||     4
       Distracted        |       |     1 ||     1
  Eat: Chunk             |    14 |     3 ||    17
Armor: Skin              |     7 |     6 ||    13
Dodge: Dodged            |    87 |    86 ||   173

Table legend:
 A = Non-vault XP
 B = Vault XP
 C = Vault XP percentage of total XP
 D = Non-vault monster count
 E = Vault monster count
 F = Vault count percentage of total count
                 A         B        C        D         E       F
            +---------+---------+-------+---------+---------+-------
      Total |     207 |       0 |   0.0 |      61 |       0 |   0.0
            +---------+---------+-------+---------+---------+-------
        D:1 |      19 |       0 |   0.0 |      11 |       0 |   0.0
        D:2 |      84 |       0 |   0.0 |      25 |       0 |   0.0
        D:3 |      99 |       0 |   0.0 |      24 |       0 |   0.0
        D:4 |       5 |       0 |   0.0 |       1 |       0 |   0.0
            +---------+---------+-------+---------+---------+-------
